 Dungeon Crawl Stone Soup version 0.30-a0-986-g7f2e898f52 (webtiles) character file.

Game seed: 15079824361928013934

88 bande the Covered (level 4, 0/29 HPs)
             Began as a Gargoyle Fighter on Apr 1, 2023.
             Slain by a gnoll
             ... wielding a +2 halberd of venom
              (8 damage)
             ... on level 2 of the Dungeon.
             The game lasted 00:02:48 (1798 turns).

bande the Covered (Gargoyle Fighter)                Turns: 1798, Time: 00:02:49

Health: 0/29       AC: 15    Str: 26    XL:     4   Next: 53%
Magic:  4/4        EV:  9    Int:  8    God:
Gold:   72         SH:  4    Dex: 11    Spells: 3/3 levels left

rFire   . . .      SeeInvis .    a - +0 war axe
rCold   . . .      Faith    .    c - +0 buckler
rNeg    + . .      Spirit   .    b - +0 scale mail
rPois   ∞          Reflect  .    (no helmet)
rElec   +          Rampage  .    (no cloak)
rCorr   .                        (no gloves)
Will    .....                    g - +0 pair of boots Stlth
                                 (no amulet)
HPRegen 0.24/turn                h - +6 ring of strength
MPRegen 0.09/turn                j - +4 ring of protection

@: no status effects
A: sickness immunity, AC +3, negative energy resistance 1, electricity
resistance, torment resistance 1, petrification resistance
a: no special abilities


You were on level 2 of the Dungeon.
You visited 1 branch of the dungeon, and saw 2 of its levels.

You collected 72 gold pieces.

Inventory:

Hand Weapons
 a - a +0 war axe (weapon)
 r - a +0 flail
Armour
 b - a +0 scale mail (worn)
 c - a +0 buckler (worn)
 g - a +0 pair of boots (worn)
Jewellery
 h - a +6 ring of strength (left hand)
 j - a +4 ring of protection (right hand)
Scrolls
 e - 2 scrolls of magic mapping {unknown}
 f - a scroll of enchant weapon {unknown}
 k - 2 scrolls of silence {unknown}
 l - a scroll of enchant armour {unknown}
 m - a scroll of teleportation {unknown}
 n - a scroll of identify {unknown}
 o - a scroll of fog {unknown}
Potions
 d - a potion of might
 i - a potion of mutation {unknown}
 p - a potion of experience {unknown}
 q - a potion of brilliance {unknown}


   Skills:
 + Level 3.8 Fighting
 + Level 3.0 Axes
 + Level 4.0 Armour
 - Level 0.1 Stealth
 + Level 3.6 Shields


You had 3 spell levels left.
You didn't know any spells.
Your spell library was empty.

Dungeon Overview and Level Annotations

Branches:
Dungeon (2/15)

Altars:

Shops:
D:1 [


Innate Abilities, Weirdness & Mutations

You are immune to sickness and miasma.
Your stone body is resilient. (AC +3)
You are immune to poison.
You resist negative energy. (rN+)
You are resistant to electric shocks. (rElec)
You are resistant to unholy torment.
You are immune to petrification.


Message History

The gnoll barely misses you. x2
You hit the gnoll.
The gnoll is severely wounded.
The gnoll misses you. The gnoll completely misses you.
You closely miss the gnoll.
The gnoll is severely wounded.
The gnoll hits you but does no damage. x2; The gnoll barely misses you.
You block the gnoll's attack.
You slash the gnoll!
You kill the gnoll!
The gnoll barely misses you. The gnoll barely misses you.
You barely miss the gnoll. You block the gnoll's attack.
The gnoll hits you with a +2 halberd of venom.
You are too injured to fight recklessly!
You are too injured to fight recklessly!
You are too injured to fight recklessly!
You are too injured to fight recklessly!
You are too injured to fight recklessly!
You are too injured to fight recklessly!
You are too injured to fight recklessly!
You are too injured to fight recklessly!
You barely miss the gnoll.
The gnoll hits you with a +2 halberd of venom.
You barely miss the gnoll. The gnoll misses you. You block the gnoll's attack.
You hit the gnoll.
The gnoll is lightly wounded.
The gnoll hits you but does no damage.
You completely miss the gnoll.
The gnoll is lightly wounded.
You block the gnoll's attack.
You barely miss the gnoll.
The gnoll is lightly wounded.
The gnoll hits you but does no damage.
You hit the gnoll.
The gnoll is moderately wounded.
The gnoll hits you with a +2 halberd of venom.
* * * LOW HITPOINT WARNING * * *
The gnoll hits you with a +2 halberd of venom!
You die...

....#.###### ....+.#
....### ###########
....# #.........#
....###### #.........#
.........# #.........+
.........# #.........#
.........# #...g.....#
.....##### #..)@.....#
.....# #.........#
.....########........##
....÷'......'.....<..#
.....########)......##
.....# #.......# .....#
#..###..# .....#
#..#[#.## ..)..#
#..###...


You could see a gnoll.

Vanquished Creatures
  4 gnolls
  An adder (D:2)
  3 ball pythons
  4 bats (D:1)
  5 giant cockroaches
  7 goblins (D:1)
  5 hobgoblins
  2 quokkas (D:1)
  A frilled lizard (D:2)
  2 kobolds
  6 rats
40 creatures vanquished.

Notes
Turn   | Place    | Note
-------+----------+-------------------------------------------
     0 | D:1      | bande the Gargoyle Fighter began the quest for the Orb.
     0 | D:1      | Reached XP level 1. HP: 14/14 MP: 1/1
   121 | D:1      | Reached XP level 2. HP: 19/19 MP: 2/2
   283 | D:1      | Found Nira's Armour Boutique.
   471 | D:1      | You fall into a shaft and drop 1 floor!
   479 | D:2      | Reached XP level 3. HP: 23/23 MP: 3/3
  1265 | D:1      | Reached XP level 4. HP: 26/29 MP: 4/4
  1473 | D:1      | Reached skill level 4 in Armour
  1798 | D:2      | Slain by a gnoll

Illustrated notes

Levels and vault maps discovered:
D:1:      wander_arrival_chamber, layout_basic, serial_shops,
          nicolae_shop_waterfront
D:2:      layout_basic, serial_bayou_pond_b, grunt_decor_clamped,
          item_on_display_a

Skill      XL: |  1  2  3  4 |
---------------+-------------+-----
Axes           | 2 3 |  3.0
Armour         | 4 |  4.0
Fighting       | |  3.8
Stealth        | |  0.1
Shields        | |  3.6

Action                     |  1- 3 |  4- 6 || total
---------------------------+-------+-------++-------
  Melee: War axe           |   102 |    22 ||   124
 Armour: Scale mail        |    52 |    17 ||    69
  Dodge: Dodged            |    46 |    24 ||    70
  Block: Buckler           |    22 |     5 ||    27

Table legend: (Time is in decaauts)
 A = Elapsed time spent in this place.
 B = Non-inter-level travel time spent in this place.
 C = Inter-level travel time spent in this place.
 D = Time resting spent in this place.
 E = Time spent auto-exploring this place.
 F = Levels seen in this place.
 G = Mean time per level.
                   A        B        C        D        E       F      G
               +--------+--------+--------+--------+--------+-----+--------+
         Total |   1851 |   1815 |     36 |    305 |   1155 |   2 |  925.5 |
       Dungeon |   1851 |   1815 |     36 |    305 |   1155 |   2 |  925.5 |
               +--------+--------+--------+--------+--------+-----+--------+

Top non-repeatable levels by time:
     D:1: 1517 daAuts
     D:2: 333 daAuts
